 Dungeon Crawl Stone Soup version 0.31.0-11-ge490571c62 (webtiles) character file.

Game seed: 16232547453689818186

3691 Ashen the Thaumaturge (level 10, 0/73 HPs)
             Began as a Djinni Hedge Wizard on Jan 27, 2024.
             Slain by a goblin
             ... wielding a +0 war axe
              (7 damage)
             ... in a bailey.
             The game lasted 00:24:28 (9919 turns).

Ashen the Thaumaturge (Djinni Hedge Wizard)         Turns: 9919, Time: 00:24:29

Health: 0/73       AC:  4    Str:  9    XL:     10   Next: 35%
Gold:   314        EV: 15    Int: 21    God:
                   SH:  0    Dex: 12

rFire   + + .        F - +5 spear (freeze)
rCold   x . .        (no shield)
rNeg    . . .        b - +0 robe
rPois   ∞            r - +0 helmet
rElec   .            x - +0 cloak
rCorr   .            (no gloves)
SInv    .            (boots unavailable)
Will    +....        L - amulet of the acrobat
Stlth   ++           E - ring of wizardry
HPRegen 0.32/turn    (no ring)
MPRegen 0.00/turn

%: acrobat, wizardry (x1), infuse magic (-1 HP)
@: flying
A: sickness immunity, fire resistance 2, cold vulnerability 1, float, innate
caster, HP casting, extra vitality 1
a: no special abilities


You were in a bailey.
You visited 2 branches of the dungeon, and saw 9 of its levels.
You also visited: Ossuary and Bailey.

You collected 314 gold pieces.

Inventory:

Hand Weapons
 h - a +1 heavy spear
 v - a +0 dagger of venom
 F - a +5 spear of freezing (weapon)
Armour
 b - a +0 robe (worn)
 r - a +0 helmet (worn)
 x - a +0 cloak (worn)
Magical Staves
 t - a staff of earth
 K - a staff of cold
Jewellery
 E - a ring of wizardry (left hand)
 L - an amulet of the acrobat (around neck)
 N - an amulet of reflection
Wands
 k - a wand of flame (38)
 o - a wand of roots (35)
 q - a wand of digging (8)
 P - a wand of mindburst (18)
Scrolls
 a - a scroll of teleportation {unknown}
 c - 2 scrolls of blinking {unknown}
 d - 2 scrolls of enchant armour {unknown}
 e - 2 scrolls of torment {unknown}
 f - 2 scrolls of poison {unknown}
 j - 6 scrolls of immolation
 l - 4 scrolls of vulnerability {unknown}
 p - a scroll of acquirement {unknown}
 s - a scroll of revelation {unknown}
 u - 8 scrolls of identify {unknown}
 w - a scroll of brand weapon {unknown}
 y - 2 scrolls of fear {unknown}
 A - a scroll of fog {unknown}
 G - 2 scrolls of amnesia {unknown}
 H - a scroll of summoning {unknown}
 O - a scroll of noise {unknown}
Potions
 g - a potion of magic {unknown}
 i - 3 potions of might {unknown}
 m - a potion of ambrosia {unknown}
 n - 2 potions of cancellation {unknown}
 z - a potion of resistance {unknown}
 B - a potion of lignification {unknown}
 C - 2 potions of mutation {unknown}
 D - 2 potions of degeneration {unknown}
 I - a potion of heal wounds {unknown}
 J - 3 potions of curing {unknown}
 M - a potion of enlightenment {unknown}


   Skills:
 + Level 6.9 Fighting
 + Level 8.1 Dodging
 - Level 3.0 Stealth
 * Level 8.2 Spellcasting
 * Level 8.2 Conjurations
 * Level 8.2 Hexes
 * Level 8.2 Summonings
 * Level 8.2 Necromancy
 * Level 8.2 Translocations
 * Level 8.2 Fire Magic
 * Level 8.2 Ice Magic
 * Level 8.2 Air Magic
 * Level 8.2 Earth Magic
 * Level 8.2 Alchemy


You knew the following spells:

 Your Spells              Type           Power      Damage    Failure   Level
a - Magic Dart            Conj           100%       1d8       1%          1
b - Slow                  Hex            100%       N/A       1%          1
c - Blink                 Tloc           86%        N/A       1%          2
d - Call Imp              Summ           86%        N/A       1%          2
e - Mephitic Cloud        Conj/Alch/Air  43%        N/A       1%          3
f - Summon Small Mammal   Summ           100%       N/A       1%          1
g - Lesser Beckoning      Tloc           86%        N/A       1%          2
h - Vampiric Draining     Necr           43%        2d9       1%          3
i - Inner Flame           Hex/Fire       43%        N/A       1%          3
Your spell library was empty.

Dungeon Overview and Level Annotations

Branches:
Dungeon (8/15)             Temple (1/1) D:5         Ossuary (visited)
 Bailey (1/1)
   Lair: D:8-11

Altars:
Ashenzari
Cheibriados
Dithmenos
Elyvilon
Gozag
Hepliaklqana
Nemelex Xobeh
Okawaru
Qazlal
Ru
Uskayaw
Wu Jian
Xom
Yredelemnul
Zin
The Shining One

Shops:
D:4 *

Annotations:
D:3 2 transporters, Farlane's ghost, amateur TrSh
D:5 1 runed translucent door, Menkaure; lilalause's ghost, novice HOMo
D:6 3 runed translucent doors, Arcadio's ghost, novice TrDe


Innate Abilities, Weirdness & Mutations

You are immune to sickness and miasma.
You are immune to poison.
Your flesh is very heat resistant. (rF++)
You are vulnerable to cold. (rC-)
You float through the air rather than walking.
You learn spells naturally, not from books.
Your magical power is your life essence.
You have superior vitality. (+4 MHP)


Message History

You feel life coursing into your body.
* * * LOW HITPOINT WARNING * * *
The orc knight roars a battlecry!
The orc goes into a battle-frenzy!
Casting: Vampiric Draining (safe; 1% risk of failure)
Confirm with . or Enter, or press ? or * to list all spells.
Aiming: Mephitic Cloud (safe; 1% risk of failure)
Press: ? - help, Shift-Dir - straight line, f - orc knight
Aim: an orc knight, wielding a +0 war axe and wearing a +3 ring mail (chance to affect: 58%)
The ball explodes into a vile cloud!
The stinking cloud engulfs the orc knight.
* * * LOW HITPOINT WARNING * * *
You hear a shout!
The orc knight is engulfed in noxious fumes.
The orc knight appears confused.
The hobgoblin hits you but does no damage.
The goblin hits you with a +0 war axe.
* * * LOW HITPOINT WARNING * * *
Casting: Mephitic Cloud (safe; 1% risk of failure)
Confirm with . or Enter, or press ? or * to list all spells.
Aiming: Vampiric Draining (safe; 1% risk of failure)
Press: ? - help, Shift-Dir - straight line, f - hobgoblin, p - orc knight
Aim: a hobgoblin, wielding a +0 hand axe and wearing a +0 leather armour You draw life force from the hobgoblin.
You feel life coursing into your body.
* * * LOW HITPOINT WARNING * * *
The orc knight is engulfed in noxious fumes.
The hobgoblin closely misses you. The goblin closely misses you.
Casting: Vampiric Draining (safe; 1% risk of failure)
Confirm with . or Enter, or press ? or * to list all spells.
Aiming: Vampiric Draining (safe; 1% risk of failure)
Press: ? - help, Shift-Dir - straight line, f/p - hobgoblin
Aim: a hobgoblin, wielding a +0 hand axe and wearing a +0 leather armour (heavily wounded)
You draw life force from the hobgoblin!
You kill the hobgoblin!
You feel life coursing into your body.
* * * LOW HITPOINT WARNING * * *
The orc knight hits you with a +0 war axe.
* * * LOW HITPOINT WARNING * * *
The goblin hits you with a +0 war axe!
You die...

###.....### ##.........#
#...........
#...........'
#.....⌠.....
#...........
#.o......... ♣♣♣♣
###gg.......# ♣♣♣..♣
###.#@#.....###
♣♣....♣♣♣###....o###.###
♣.......##.....§§☼.###
♣.......#......§§...#
.......))......§☼§..#
...∩.∩).'.....⌠.....#
♣.....).'...........#
♣.......#...........#
♣.......##.........###
##


You could see an orc knight (confused), an orc (strong), a hobgoblin and a
goblin.

Vanquished Creatures
  A two-headed ogre (D:8)
  Sigmund (D:5)
  Edmund (D:4)
  A water moccasin (D:7)
  4 orc warriors (Bailey)
  A sky beast (D:6)
  A centaur (D:4)
  2 phantoms
  A kobold brigand (D:7)
  A scorpion (D:5)
  3 bullfrogs
  6 wights
  A howler monkey (D:7)
  3 hounds
  2 jellies
  2 orc priests
  5 bombardier beetles
  Crazy Yiuf (D:5)
  5 iguanas
  4 orc wizards
  Natasha (thrice) (D:4)
  14 gnolls
  7 adders
  A shadow imp (D:6)
  A white imp (D:7)
  3 ufetubi
  A ribbon worm (D:3)
  2 dart slugs
  25 orcs
  4 ball pythons
  5 bats
  8 endoplasms
  4 giant cockroaches
  10 goblins
  17 hobgoblins
  6 jackals
  13 kobolds
  2 quokkas
  3 ball python skeletons (Ossuary)
  2 frilled lizards
  A hobgoblin skeleton (Ossuary)
  4 kobold skeletons (Ossuary)
  An orc skeleton (Ossuary)
  9 rats
192 creatures vanquished.

Vanquished Creatures (collateral kills)
  An ogre (D:6)
  A bullfrog (D:6)
  2 wights (Ossuary)
  A burial acolyte (Ossuary)
  A gnoll (D:5)
6 creatures vanquished.

Grand Total: 198 creatures vanquished

Notes
Turn   | Place    | Note
-------+----------+-------------------------------------------
     0 | D:1      | Ashen the Djinni Hedge Wizard began the quest for the Orb.
     0 | D:1      | Ashen set off with the following spells memorised: Magic
                  | Dart, Slow, Blink, Call Imp, Mephitic Cloud.
     0 | D:1      | Reached XP level 1. HP: 15/15 MP: 0/0
   106 | D:1      | Reached XP level 2. HP: 8/21 MP: 0/0
   629 | D:2      | Reached XP level 3. HP: 22/26 MP: 0/0
   629 | D:2      | Learned a level 1 spell: Summon Small Mammal
   720 | D:2      | Reached skill level 1 in Fighting
   720 | D:2      | Reached XP level 4. HP: 21/32 MP: 0/0
  1070 | D:2      | Found a faded altar of an unknown god.
  1076 | D:2      | Reached XP level 5. HP: 33/37 MP: 0/0
  1076 | D:2      | Learned a level 2 spell: Lesser Beckoning
  1597 | D:3      | Found a broken altar of Ashenzari.
  1910 | D:3      | Noticed a phantom
  1923 | D:3      | Killed a phantom
  1924 | D:3      | Reached XP level 6. HP: 20/43 MP: 0/0
  2227 | D:3      | Found a transporter.
  2311 | D:3      | Noticed Farlane's ghost (amateur TrSh)
  2312 | D:3      | Found a transporter.
  2615 | D:4      | Found a basalt altar of Yredelemnul.
  3182 | D:4      | Found Saob's Overcharged Wands.
  3182 | D:4      | Noticed Edmund
  3186 | D:4      | Noticed Natasha
  3197 | D:4      | Killed Natasha
  3204 | D:4      | Noticed Natasha
  3208 | D:4      | Killed Natasha
  3481 | D:4      | Noticed Natasha
  3495 | D:4      | Killed Natasha
  3496 | D:4      | Reached XP level 7. HP: 19/49 MP: 0/0
  3496 | D:4      | Learned a level 3 spell: Vampiric Draining
  4196 | D:5      | Entered Level 5 of the Dungeon
  4347 | D:4      | Found a basalt altar of Yredelemnul.
  4756 | D:4      | Found Saob's Overcharged Wands.
  4817 | D:4      | Killed Edmund
  4818 | D:4      | Reached skill level 5 in Spellcasting
  4818 | D:4      | Reached skill level 5 in Conjurations
  4818 | D:4      | Reached skill level 5 in Hexes
  4818 | D:4      | Reached skill level 5 in Summonings
  4818 | D:4      | Reached skill level 5 in Necromancy
  4818 | D:4      | Reached skill level 5 in Translocations
  4818 | D:4      | Reached skill level 5 in Fire Magic
  4818 | D:4      | Reached skill level 5 in Ice Magic
  4818 | D:4      | Reached skill level 5 in Air Magic
  4818 | D:4      | Reached skill level 5 in Earth Magic
  4818 | D:4      | Reached skill level 5 in Alchemy
  5008 | D:4      | Reached XP level 8. HP: 37/57 MP: 0/0
  5095 | D:5      | Reached skill level 5 in Dodging
  5102 | D:5      | Noticed Sigmund
  5338 | D:5      | Found a staircase to the Ecumenical Temple.
  5346 | Temple   | Entered the Ecumenical Temple
  5544 | D:5      | Found a runed translucent door.
  5545 | D:5      | Noticed Crazy Yiuf
  5561 | D:5      | Killed Crazy Yiuf
  5613 | D:5      | Found a runed translucent door.
  5613 | D:5      | Noticed lilalause's ghost (novice HOMo)
  5636 | D:5      | Noticed Menkaure
  5786 | D:5      | Killed Sigmund
  6725 | D:6      | Found a runed translucent gate.
  6725 | D:6      | Found a runed translucent gate.
  6725 | D:6      | Found a runed translucent gate.
  6728 | D:6      | Noticed a kobold demonologist
  6730 | D:6      | Noticed Arcadio's ghost (novice TrDe)
  6761 | D:6      | Reached XP level 9. HP: 51/64 MP: 0/0
  6761 | D:6      | Learned a level 3 spell: Inner Flame
  6791 | D:6      | Reached skill level 5 in Fighting
  6881 | D:6      | Found an opulent altar of Gozag.
  6882 | D:6      | Found an opulent altar of Gozag.
  6887 | D:6      | Found an opulent altar of Gozag.
  6897 | D:6      | Found an opulent altar of Gozag.
  7552 | D:7      | Found a sand-covered staircase.
  7557 | Ossuary  | Entered an ossuary
  9406 | D:8      | Noticed a two-headed ogre
  9413 | D:8      | Killed a two-headed ogre
  9414 | D:8      | Reached XP level 10. HP: 44/73 MP: 0/0
  9542 | D:8      | Found a flagged portal.
  9560 | Bailey   | Entered a bailey
  9861 | Bailey   | Noticed an orc knight
  9919 | Bailey   | Slain by a goblin

Illustrated notes

Levels and vault maps discovered:
D:1:      orjb1_lava_funnel, layout_basic
D:2:      layout_rooms, hellmonk_ecumenical_altar_blasted
D:3:      layout_loops_corners, ashenzari_conservatory_becter,
          gammafunk_ghost_arena
D:4:      layout_loops_cross, mainiacjoe_overflow_chevrons,
          nicolae_shop_overcharged_wands, uniq_natasha, uniq_edmund
D:5:      layout_loops_ring, minmay_temple_entry_metal_lava,
          ebering_ghost_sewer_d, uniq_sigmund, uniq_menkaure,
          uniq_crazy_yiuf_cottage
D:6:      layout_basic, nicolae_gozag_conspicuous_consumption,
          gammafunk_ghost_nasty_kobolds, hangedman_decor_peaks_small,
          grunt_ministairs_5, minmay_joined_circles
D:7:      layout_rooms, nicolae_ossuary_entry_false_entrances
D:8:      layout_layer_cave, mainiacjoe_overflow_six_doors_small, enter_bailey_6
Temple:   nicolae_temple_x_marks_the_god
Bailey:   bailey_axe_minmay_hex_keep, bailey

Skill      XL: |  1  2  3  4  5  6  7  8  9 10 |
---------------+-------------------------------+-----
Stealth        | 2 3 |  3.0
Fighting       | 1 2 3 4 6 |  6.9
Dodging        | 3 4 6 7 8 |  8.1
Spellcasting   | 4 5 6 7 8 |  8.2
Conjurations   | 4 5 6 7 8 |  8.2
Hexes          | 4 5 6 7 8 |  8.2
Summonings     | 4 5 6 7 8 |  8.2
Necromancy     | 4 5 6 7 8 |  8.2
Translocations | 4 5 6 7 8 |  8.2
Fire Magic     | 4 5 6 7 8 |  8.2
Ice Magic      | 4 5 6 7 8 |  8.2
Air Magic      | 4 5 6 7 8 |  8.2
Earth Magic    | 4 5 6 7 8 |  8.2
Alchemy        | 4 5 6 7 8 |  8.2

Action                     |  1- 3 |  4- 6 |  7- 9 | 10-12 || total
---------------------------+-------+-------+-------+-------++-------
  Melee: Spear             |       |    83 |   135 |    65 ||   283
         Punch             |       |     2 |     1 |     3 ||     6
         Dagger            |       |       |    93 |       ||    93
   Cast: Magic Dart        |    50 |    85 |    64 |       ||   199
         Mephitic Cloud    |       |     9 |    21 |     2 ||    32
         Vampiric Draining |       |       |    53 |    27 ||    80
         Call Imp          |       |       |    21 |       ||    21
         Blink             |       |       |     1 |       ||     1
  Evoke: Wand              |       |     2 |       |       ||     2
   Stab: Sleeping          |       |     6 |    14 |       ||    20
         Confused          |       |     5 |    10 |     2 ||    17
 Armour: Robe              |     2 |    53 |   162 |    34 ||   251
  Dodge: Dodged            |     1 |    65 |   188 |    65 ||   319
